 Dungeon Crawl Stone Soup version 0.31-a0-210-gccc998df9b (webtiles) character file.

Game seed: 15917735056853908170

30109 qw the Cleaver (level 13, -19/82 HPs)
             Began as a Gargoyle Fighter on June 30, 2023.
             Was a High Priest of Okawaru.
             Demolished by a juggernaut skeleton (34 damage)
             ... on level 2 of the Abyss.
             The game lasted 00:05:57 (11743 turns).

qw the Cleaver (Gargoyle Fighter)                  Turns: 11743, Time: 00:05:57

Health: -19/82     AC: 35    Str: 22    XL:     13   Next: 49%
Magic:  20/20      EV: 24    Int:  8    God:    Okawaru [*****.]
Gold:   354        SH: 12    Dex:  9    Spells: 12/12 levels left

rFire   . . .        n - +4 war axe (spect)
rCold   . . .        r - +0 kite shield
rNeg    + + .        o - +0 plate armour
rPois   inf          z - +2 helmet
rElec   +            i - +0 cloak
rCorr   .            m - +0 pair of gloves
SInv    .            u - +0 pair of boots
Will    .....        x - amulet of the acrobat Stlth
                     q - ring of positive energy
HPRegen 0.33/turn    (no ring)
MPRegen 0.17/turn

%: acrobat
@: heroic, acrobatic, unable to read
A: sickness immunity, AC +9, negative energy resistance 1, electricity
resistance, torment resistance 1, petrification resistance, [weak 2], [no potion
heal 2]
a: Renounce Religion, Heroism, Finesse, Duel


You were on level 2 of the Abyss.
You worshipped Okawaru.
Okawaru was extremely pleased with you.
You visited 3 branches of the dungeon, and saw 13 of its levels.
You visited the Abyss 1 time.

You collected 698 gold pieces.
You spent 344 gold pieces at shops.


Innate Abilities, Weirdness & Mutations

You are immune to sickness and miasma.
Your stone body is resilient. (AC +9)
You are immune to poison.
You resist negative energy. (rN+)
You are resistant to electric shocks. (rElec)
You are resistant to unholy torment.
You are immune to petrification.
[You are very weak. (Str -4)]
[Potions cannot restore your health.]


   Skills:
 - Level 10.0(15.0) Fighting
 + Level 12.5(17.5) Axes
 - Level 1.2(6.2) Throwing
 - Level 10.3(15.3) Armour
 - Level 2.9(7.9) Dodging
 - Level 10.8(15.8) Shields
 - Level 10.1 Invocations


You had 12 spell levels left.
You didn't know any spells.
Your spell library was empty.

Inventory:

Hand Weapons
 n - a +4 spectral war axe (weapon)
 y - a +4 flail
Armour
 i - a +0 cloak (worn)
 m - a +0 pair of gloves (worn)
 o - a +0 plate armour (worn)
 r - a +0 kite shield (worn)
 u - a +0 pair of boots (worn)
 z - a +2 helmet (worn)
 A - the +4 ring mail "Qanoxt" {rC+}
   (Okawaru gifted it to you on level 2 of the Abyss)

   rC:        It protects you from cold.
Jewellery
 q - a ring of positive energy (left hand)
 w - a ring of fire
 x - an amulet of the acrobat (around neck)
Wands
 l - a wand of digging (4)
Scrolls
 f - a scroll of teleportation
 k - 4 scrolls of identify
 t - a scroll of brand weapon
Potions
 a - a potion of cancellation {unknown}
 b - a potion of haste
 c - a potion of enlightenment
 d - 2 potions of might
 e - 5 potions of curing
 g - a potion of berserk rage {unknown}
 j - a potion of magic
 p - 2 potions of attraction
 s - a potion of mutation
 v - a potion of lignification

Dungeon Overview and Level Annotations

Branches:
Dungeon (9/15)             Temple (1/1) D:4            Lair (3/5) D:9
  Swamp (0/4) Lair:2       Spider (0/4) Lair:2
    Orc: D:9-12

Altars:
Ashenzari
Cheibriados
Dithmenos
Elyvilon
Fedhas
Gozag
Hepliaklqana
Kikubaaqudgha
Makhleb
Nemelex Xobeh
Okawaru
Qazlal
Ru
Sif Muna
Trog
Uskayaw
Vehumet
Wu Jian
Xom
Yredelemnul
Zin
The Shining One

Shops:
D:7 ?   D:8 [

Annotations:
D:9 2 transporters, qw's ghost, novice GrFi
Lair:3 Sonja


Message History

Your +4 spectral war axe hits the raiju!
The raiju bursts into living lightning!
The living lightning misses you.
The raiju blinks!
You slice the spatial vortex!!
The spatial vortex is severely damaged.
You hit the large abomination.
Your +4 spectral war axe hits the spatial vortex!!
The spatial vortex dissipates!
Your +4 spectral war axe hits the large abomination but does no damage.
Your +4 spectral war axe hits the large abomination!!
The large abomination hits you.
You barely miss the large abomination.
The large abomination is heavily damaged.
Your +4 spectral war axe hits the large abomination.
The raiju bursts into living lightning!
The living lightning misses you.
The raiju blinks!
You slice the large abomination!!
The large abomination is almost destroyed.
Your +4 spectral war axe hits the large abomination!
You destroy the large abomination!
Okawaru accepts your kill.
Your +4 spectral war axe disappears.
A wretched star comes into view.
You see here a raiju corpse.
You closely miss the raiju.
The raiju is severely wounded.
Your +4 spectral war axe hits the raiju!
The wretched star pulses with an eldritch light!
Your system partially rejects the healing effects of potions.
Your system completely rejects the healing effects of potions.
You feel weaker. x2
The raiju bites your +4 spectral war axe but does no damage.
You closely miss the raiju.
The raiju is almost dead.
Your +4 spectral war axe hits the raiju!
You kill the raiju!
Okawaru accepts your kill.
Your +4 spectral war axe disappears.
The juggernaut skeleton hits you!!
You die...

#8 #.## ...
#..######
##..#....#
...#....#
#.#..[.# #...[.#
#%@[..#
#...%.#Z....#
#...............
#...............
................#
#.#.....#.%%..#.#
# ##*..###.%%##
.... ....


You could see a wretched star and a juggernaut skeleton.

Vanquished Creatures
  Gastronok (Lair:3)
  A tentacled starspawn (Abyss:2)
  A very ugly thing (Abyss:2)
  A green death (Abyss:2)
  A hydra (Lair:1)
  A catoblepas (Lair:2)
  A two-headed ogre (D:9)
  A skyshark (Lair:3)
  2 wretched stars (Abyss:2)
  A spatial maelstrom (Abyss:2)
  2 large abominations (Abyss:2)
  Pikel (D:7)
  10 elephants
  A black mamba (Lair:2)
  An apocalypse crab (Abyss:2)
  A smoke demon (Abyss:2)
  A komodo dragon (D:9)
  2 rime drakes (Lair:1)
  3 cane toads
  An ancient zyme (Abyss:2)
  3 raiju (Abyss:2)
  17 blink frogs
  A hornet (D:9)
  Grinder (D:4)
  Prince Ribbit (D:5)
  A jumping spider (Lair:2)
  2 wyverns
  19 yaks
  A basilisk (Lair:1)
  4 vampire mosquitoes (Lair:2)
  A spatial vortex (Abyss:2)
  11 water moccasins
  2 orc warriors (D:8)
  2 sky beasts
  2 ice beasts (D:6)
  5 black bears
  3 ogres
  12 wolves
  A centaur (D:9)
  A phantom (D:4)
  A kobold brigand (D:8)
  A gnoll sergeant (D:8)
  9 bullfrogs
  4 scorpions
  23 wights
  A small abomination (Abyss:2)
  14 killer bees
  3 howler monkeys
  2 hounds
  2 jellies
  3 orc priests (D:8)
  5 sleepcaps
  2 iguanas
  Terence (D:3)
  4 orc wizards
  5 gnolls
  9 adders
  A shadow imp (D:7)
  2 white imps
  An ufetubus (D:6)
  2 worms
  A dart slug (D:4)
  21 orcs
  7 ball pythons
  8 endoplasms
  2 giant cockroaches (D:2)
  7 goblins
  7 hobgoblins
  7 jackals
  3 quokkas
  7 bats
  8 frilled lizards
  8 kobolds
  4 rats
  A starspawn tentacle (Abyss:2)
310 creatures vanquished.

Vanquished Creatures (others)
  A small abomination (Abyss:2)
  A butterfly (Lair:2)
  A spectral weapon (D:9)
  A starspawn tentacle (Abyss:2)
4 creatures vanquished.

Grand Total: 314 creatures vanquished

Notes
Turn   | Place    | Note
-------+----------+-------------------------------------------
     0 | D:1      | qw the Gargoyle Fighter began the quest for the Orb.
     0 | D:1      | Reached XP level 1. HP: 14/14 MP: 1/1
     0 | D:1      | 0 ||| qw: Version: 0.3-a-24-ga2abf7b
     0 | D:1      | 0 ||| qw: Game counter: 7141
     0 | D:1      | 0 ||| qw: Melee chars always use a shield: true
     0 | D:1      | 0 ||| qw: God list: Okawaru
     0 | D:1      | 0 ||| qw: Allow faded altars: false
     0 | D:1      | 0 ||| qw: Do Orc after clearing Dungeon:15 true
     0 | D:1      | 0 ||| qw: Do second Lair branch before Depths: true
     0 | D:1      | 0 ||| qw: Lair rune preference: random
     0 | D:1      | 0 ||| qw: Goals: Normal, Zot:1-4, Slime:5, God:TSO, Crypt,
                  | Tomb, Abyss, Pan, Hells, Win
     0 | D:1      | 0 ||| PLANNING D:1-11
    61 | D:1      | Reached skill level 2 in Axes
   214 | D:1      | Reached XP level 2. HP: 7/19 MP: 2/2
   386 | D:1      | Reached skill level 3 in Axes
   449 | D:1      | 449 ||| Stepping ~*~*~tactically~*~*~ (stealth).
   452 | D:1      | 452 ||| Stepping ~*~*~tactically~*~*~ (stealth).
   459 | D:1      | Reached XP level 3. HP: 23/23 MP: 3/3
   577 | D:1      | 577 ||| READING 2 scrolls labelled FAEVEL PUMIRI.
   578 | D:1      | 578 ||| READING scroll labelled SAYGARI ADAFA.
   579 | D:1      | 579 ||| READING scroll labelled ULAT NEISU.
   582 | D:1      | 582 ||| Stepping ~*~*~tactically~*~*~ (stealth).
   590 | D:1      | 590 ||| READING scroll labelled GERIC SEFAED FOKK.
   591 | D:1      | 591 ||| DROPPING scroll of amnesia.
   618 | D:2      | 618 ||| STAIRDANCE
   657 | D:2      | 657 ||| UPGRADING to +0 chain mail.
   667 | D:2      | 667 ||| DROPPING +0 scale mail.
   724 | D:2      | 724 ||| STAIRDANCE
   812 | D:2      | Reached XP level 4. HP: 28/28 MP: 4/4
   888 | D:2      | Reached skill level 4 in Axes
  1155 | D:2      | 1155 ||| Stepping ~*~*~tactically~*~*~ (stealth).
  1164 | D:2      | Reached XP level 5. HP: 32/32 MP: 5/5
  1217 | D:2      | Found a faded altar of an unknown god.
  1225 | D:2      | 1225 ||| UPGRADING to +2 hat.
  1230 | D:2      | 1230 ||| READING scroll labelled UTOMYW XEUG.
  1231 | D:2      | 1231 ||| READING scroll labelled BYGOWNEMELL.
  1232 | D:2      | 1232 ||| DRINKING 2 blue potions.
  1723 | D:3      | 1723 ||| Stepping ~*~*~tactically~*~*~ (stealth).
  1724 | D:3      | 1724 ||| Stepping ~*~*~tactically~*~*~ (stealth).
  1725 | D:3      | 1725 ||| Stepping ~*~*~tactically~*~*~ (stealth).
  1773 | D:3      | 1773 ||| Stepping ~*~*~tactically~*~*~ (stealth).
  1832 | D:3      | Noticed Terence
  1840 | D:3      | Killed Terence
  1871 | D:3      | Reached skill level 5 in Axes
  1886 | D:3      | 1886 ||| DROPPING +0 club.
  1893 | D:3      | 1893 ||| Stepping ~*~*~tactically~*~*~ (stealth).
  1897 | D:3      | 1897 ||| Stepping ~*~*~tactically~*~*~ (stealth).
  2140 | D:3      | 2140 ||| UPGRADING to +0 cloak.
  2145 | D:3      | 2145 ||| READING scroll labelled LON EGULOR.
  2146 | D:3      | 2146 ||| READING scroll labelled RUYWUNK BIOPS.
  2187 | D:4      | Noticed Grinder
  2188 | D:4      | 2188 ||| Stepping ~*~*~tactically~*~*~ (hiding).
  2204 | D:4      | Killed Grinder
  2205 | D:4      | Reached XP level 6. HP: 24/40 MP: 6/6
  2285 | D:4      | Found a shimmering blue altar of Sif Muna.
  2387 | D:4      | 2387 ||| Stepping ~*~*~tactically~*~*~ (stealth).
  2389 | D:4      | 2389 ||| Stepping ~*~*~tactically~*~*~ (stealth).
  2396 | D:4      | 2396 ||| Stepping ~*~*~tactically~*~*~ (stealth).
  2398 | D:4      | 2398 ||| Stepping ~*~*~tactically~*~*~ (hiding).
  2399 | D:4      | 2399 ||| Stepping ~*~*~tactically~*~*~ (hiding).
  2412 | D:4      | Found a staircase to the Ecumenical Temple.
  2413 | D:4      | 2413 ||| PLANNING TEMPLE
  2418 | Temple   | Entered the Ecumenical Temple
  2450 | Temple   | 2450 ||| PLANNING OKAWARU WORSHIP
  2578 | Temple   | Became a worshipper of Warmaster Okawaru
  2579 | Temple   | 2579 ||| PLANNING D:1-11
  2779 | D:4      | Reached XP level 7. HP: 26/44 MP: 7/7
  3424 | D:4      | 3424 ||| UPGRADING to +0 pair of gloves.
  3429 | D:4      | 3429 ||| DRINKING 2 fuming pink potions.
  3446 | D:5      | Entered Level 5 of the Dungeon
  3481 | D:5      | Reached skill level 6 in Axes
  3522 | D:5      | Reached skill level 1 in Dodging
  3837 | D:5      | Noticed Prince Ribbit
  3857 | D:5      | Killed Prince Ribbit
  3857 | D:5      | Reached * piety under Okawaru
  3858 | D:5      | Reached skill level 7 in Axes
  3858 | D:5      | Reached XP level 8. HP: 24/50 MP: 8/8
  4112 | D:5      | Reached skill level 1 in Invocations
  4365 | D:5      | Found a basalt altar of Yredelemnul.
  4365 | D:5      | Found a burning altar of Makhleb.
  4365 | D:5      | Found a glowing golden altar of the Shining One.
  4502 | D:5      | 4502 ||| INVOKING Heroism.
  4539 | D:5      | 4539 ||| READING 2 scrolls of enchant weapon.
  4539 | D:5      | 4539 ||| ENCHANTING +1 war axe.
  4540 | D:5      | 4540 ||| READING scroll of enchant weapon.
  4540 | D:5      | 4540 ||| ENCHANTING +2 war axe.
  4545 | D:5      | 4545 ||| READING scroll labelled QOPRUU LOUBLISH.
  4546 | D:5      | 4546 ||| READING 2 scrolls of identify.
  4546 | D:5      | 4546 ||| IDENTIFYING black potion
  4643 | D:6      | Reached skill level 8 in Axes
  4653 | D:6      | 4653 ||| INVOKING Heroism.
  4661 | D:6      | Reached skill level 3 in Invocations
  4818 | D:6      | Reached skill level 6 in Fighting
  4981 | D:6      | 4981 ||| Stepping ~*~*~tactically~*~*~ (hiding).
  4982 | D:6      | 4982 ||| Stepping ~*~*~tactically~*~*~ (hiding).
  5069 | D:6      | 5069 ||| Stepping ~*~*~tactically~*~*~ (stealth).
  5070 | D:6      | 5070 ||| Stepping ~*~*~tactically~*~*~ (stealth).
  5071 | D:6      | 5071 ||| INVOKING Heroism.
  5075 | D:6      | Reached XP level 9. HP: 55/55 MP: 9/12
  5223 | D:6      | 5223 ||| Stepping ~*~*~tactically~*~*~ (stealth).
  5243 | D:6      | 5243 ||| Stepping ~*~*~tactically~*~*~ (stealth).
  5254 | D:6      | 5254 ||| INVOKING Heroism.
  5306 | D:6      | 5306 ||| UPGRADING to +0 kite shield.
  5316 | D:6      | 5316 ||| DROPPING +0 buckler.
  5317 | D:6      | 5317 ||| READING scroll labelled KEIHARCH WITE.
  5418 | D:6      | 5418 ||| DRINKING 3 fizzy orange potions.
  5419 | D:6      | 5419 ||| READING 2 scrolls of identify.
  5419 | D:6      | 5419 ||| IDENTIFYING fizzy puce potion
  5527 | D:7      | Reached ** piety under Okawaru
  5657 | D:7      | 5657 ||| Stepping ~*~*~tactically~*~*~ (hiding).
  5659 | D:7      | 5659 ||| Stepping ~*~*~tactically~*~*~ (hiding).
  5925 | D:7      | 5925 ||| Stepping ~*~*~tactically~*~*~ (stealth).
  5930 | D:7      | 5930 ||| Stepping ~*~*~tactically~*~*~ (stealth).
  5977 | D:7      | 5977 ||| DROPPING +0 mace.
  6061 | D:7      | Noticed Pikel
  6063 | D:7      | 6063 ||| INVOKING Heroism.
  6070 | D:7      | Killed Pikel
  6073 | D:7      | Reached skill level 1 in Throwing
  6079 | D:7      | Found Ryesov's Magic Scroll Shoppe.
  6102 | D:7      | 6102 ||| BUYING 2 scrolls of brand weapon (247 gold).
  6102 | D:7      | Bought 2 scrolls of brand weapon for 247 gold pieces
  6102 | D:7      | 6102 ||| SHOPLISTING scroll of brand weapon (123 gold, have
                  | 84).
  6102 | D:7      | 6102 ||| SHOPLISTING scroll of enchant weapon (97 gold,
                  | have 84).
  6102 | D:7      | 6102 ||| BUYING scroll of identify (26 gold).
  6102 | D:7      | Bought a scroll of identify for 26 gold pieces
  6102 | D:7      | 6102 ||| BUYING scroll of identify (26 gold).
  6102 | D:7      | Bought a scroll of identify for 26 gold pieces
  6102 | D:7      | 6102 ||| SHOPLISTING scroll of teleportation (39 gold, have
                  | 32).
  6102 | D:7      | 6102 ||| READING 2 scrolls of brand weapon.
  6102 | D:7      | 6102 ||| BRANDING +3 war axe.
  6140 | D:7      | 6140 ||| INVOKING Heroism.
  6486 | D:7      | 6486 ||| READING scroll labelled JISAKU XILI.
  6487 | D:7      | 6487 ||| DRINKING 2 golden potions.
  6487 | D:7      | Gained mutation: Your body sometimes deteriorates upon
                  | taking damage. [potion of mutation]
  6487 | D:7      | Lost mutation: Your body sometimes deteriorates upon taking
                  | damage. [potion of mutation]
  6488 | D:7      | 6488 ||| READING 4 scrolls of identify.
  6488 | D:7      | 6488 ||| IDENTIFYING clear potion
  6489 | D:7      | 6489 ||| DROPPING potion of degeneration.
  6575 | D:8      | Found Reijets's Armour Boutique.
  6576 | D:8      | 6576 ||| Stepping ~*~*~tactically~*~*~ (hiding).
  6577 | D:8      | 6577 ||| Stepping ~*~*~tactically~*~*~ (hiding).
  6586 | D:8      | 6586 ||| INVOKING Heroism.
  6588 | D:8      | Reached skill level 9 in Axes
  6592 | D:8      | Reached XP level 10. HP: 61/61 MP: 10/13
  6612 | D:8      | 6612 ||| BUYING +0 pair of boots (45 gold).
  6612 | D:8      | Bought a +0 pair of boots for 45 gold pieces
  6665 | D:8      | 6665 ||| INVOKING Heroism.
  6750 | D:8      | 6750 ||| Stepping ~*~*~tactically~*~*~ (stealth).
  6751 | D:8      | 6751 ||| Stepping ~*~*~tactically~*~*~ (hiding).
  6852 | D:8      | 6852 ||| Stepping ~*~*~tactically~*~*~ (hiding).
  6858 | D:8      | 6858 ||| INVOKING Heroism.
  6878 | D:8      | 6878 ||| Stepping ~*~*~tactically~*~*~ (hiding).
  6880 | D:8      | 6880 ||| Stepping ~*~*~tactically~*~*~ (hiding).
  7185 | D:8      | 7185 ||| Stepping ~*~*~tactically~*~*~ (stealth).
  7186 | D:8      | 7186 ||| Stepping ~*~*~tactically~*~*~ (stealth).
  7212 | D:8      | 7212 ||| Stepping ~*~*~tactically~*~*~ (stealth).
  7250 | D:8      | 7250 ||| Stepping ~*~*~tactically~*~*~ (stealth).
  7251 | D:8      | 7251 ||| Stepping ~*~*~tactically~*~*~ (stealth).
  7261 | D:8      | 7261 ||| DROPPING +0 flail.
  7359 | D:8      | 7359 ||| UPGRADING to +0 plate armour.
  7369 | D:8      | 7369 ||| DROPPING +0 chain mail.
  7370 | D:8      | 7370 ||| UPGRADING to +0 pair of boots.
  7375 | D:8      | 7375 ||| UPGRADING to amulet of the acrobat.
  7380 | D:8      | 7380 ||| READING 3 scrolls of identify.
  7380 | D:8      | 7380 ||| IDENTIFYING pink potion
  7389 | D:9      | Found a transporter.
  7399 | D:9      | Noticed a centaur warrior
  7433 | D:9      | Noticed a manticore
  7525 | D:9      | 7525 ||| Stepping ~*~*~tactically~*~*~ (hiding).
  7526 | D:9      | 7526 ||| Stepping ~*~*~tactically~*~*~ (hiding).
  7527 | D:9      | 7527 ||| Stepping ~*~*~tactically~*~*~ (hiding).
  7531 | D:9      | 7531 ||| INVOKING Heroism.
  7538 | D:9      | Reached skill level 6 in Armour
  7540 | D:9      | Reached skill level 9 in Shields
  7550 | D:9      | Reached *** piety under Okawaru
  7554 | D:9      | 7554 ||| INVOKING Heroism.
  7556 | D:9      | HP: 14/63 [black bear (2)]
  7557 | D:9      | 7557 ||| READING 2 scrolls of teleportation.
  7558 | D:9      | 7558 ||| DRINKING 2 potions of heal wounds.
  7561 | D:9      | Reached skill level 10 in Axes
  7561 | D:9      | Noticed a two-headed ogre
  7571 | D:9      | Killed a two-headed ogre
  7711 | D:9      | Reached XP level 11. HP: 57/67 MP: 14/14
  7789 | D:9      | 7789 ||| Stepping ~*~*~tactically~*~*~ (stealth).
  7791 | D:9      | 7791 ||| Stepping ~*~*~tactically~*~*~ (stealth).
  7795 | D:9      | 7795 ||| Stepping ~*~*~tactically~*~*~ (stealth).
  7796 | D:9      | 7796 ||| Stepping ~*~*~tactically~*~*~ (stealth).
  7797 | D:9      | 7797 ||| Stepping ~*~*~tactically~*~*~ (stealth).
  7802 | D:9      | Reached **** piety under Okawaru
  7809 | D:9      | 7809 ||| Stepping ~*~*~tactically~*~*~ (stealth).
  7810 | D:9      | 7810 ||| Stepping ~*~*~tactically~*~*~ (stealth).
  7816 | D:9      | 7816 ||| Stepping ~*~*~tactically~*~*~ (stealth).
  7897 | D:9      | Noticed a manticore
  7899 | D:9      | Noticed qw's ghost (novice GrFi)
  7926 | D:9      | Found a transporter.
  8058 | D:9      | 8058 ||| Stepping ~*~*~tactically~*~*~ (stealth).
  8063 | D:9      | 8063 ||| Stepping ~*~*~tactically~*~*~ (stealth).
  8065 | D:9      | 8065 ||| Stepping ~*~*~tactically~*~*~ (stealth).
  8068 | D:9      | 8068 ||| Stepping ~*~*~tactically~*~*~ (stealth).
  8076 | D:9      | 8076 ||| FLEEEEING.
  8077 | D:9      | 8077 ||| FLEEEEING.
  8111 | D:9      | Found a staircase to the Lair.
  8515 | D:9      | 8515 ||| PLANNING LAIR
  8515 | D:9      | 8515 ||| DROPPING +6 ring of intelligence.
  8516 | D:9      | 8516 ||| READING scroll labelled WADWEB UBLUMO.
  8517 | D:9      | 8517 ||| READING 3 scrolls of identify.
  8517 | D:9      | 8517 ||| IDENTIFYING dark potion
  8518 | D:9      | 8518 ||| READING 2 scrolls of identify.
  8518 | D:9      | 8518 ||| IDENTIFYING white potion
  8519 | D:9      | 8519 ||| DROPPING potion of brilliance.
  8538 | Lair:1   | Entered Level 1 of the Lair of Beasts
  8631 | Lair:1   | Noticed an eight-headed hydra
  8632 | Lair:1   | 8632 ||| INVOKING Heroism.
  8635 | Lair:1   | 8635 ||| Stepping ~*~*~tactically~*~*~ (stealth).
  8638 | Lair:1   | 8638 ||| SWAPPING to +4 flail.
  8646 | Lair:1   | Killed an eight-headed hydra
  8646 | Lair:1   | Received a gift from Okawaru
  8647 | Lair:1   | 8647 ||| SWAPPING to +3 spectral war axe.
  8671 | Lair:1   | 8671 ||| INVOKING Heroism.
  8961 | Lair:1   | Reached skill level 6 in Invocations
  9035 | Lair:1   | 9035 ||| Stepping ~*~*~tactically~*~*~ (hiding).
  9240 | Lair:1   | 9240 ||| Stepping ~*~*~tactically~*~*~ (hiding).
  9252 | Lair:1   | Reached skill level 11 in Axes
  9429 | Lair:1   | 9429 ||| UPGRADING to ring of positive energy.
  9430 | Lair:1   | 9430 ||| READING scroll labelled HISMOE MUAMM.
  9473 | Lair:2   | 9473 ||| STAIRDANCE
  9513 | Lair:2   | 9513 ||| STAIRDANCE
  9515 | Lair:1   | Reached ***** piety under Okawaru
  9516 | Lair:1   | 9516 ||| INVOKING Heroism.
  9593 | Lair:2   | Found an opulent altar of Gozag.
  9604 | Lair:2   | 9604 ||| INVOKING Heroism.
  9628 | Lair:2   | 9628 ||| Stepping ~*~*~tactically~*~*~ (stealth).
  9643 | Lair:2   | 9643 ||| INVOKING Heroism.
  9736 | Lair:2   | Reached XP level 12. HP: 72/73 MP: 18/18
  9745 | Lair:2   | 9745 ||| INVOKING Heroism.
  9880 | Lair:2   | Found a staircase to the Swamp.
  9885 | Lair:2   | Reached skill level 9 in Invocations
  9924 | Lair:2   | 9924 ||| Stepping ~*~*~tactically~*~*~ (stealth).
 10096 | Lair:2   | Reached skill level 9 in Fighting
 10096 | Lair:2   | 10096 ||| FLEEEEING.
 10097 | Lair:2   | 10097 ||| FLEEEEING.
 10098 | Lair:2   | 10098 ||| FLEEEEING.
 10099 | Lair:2   | 10099 ||| FLEEEEING.
 10100 | Lair:2   | 10100 ||| FLEEEEING.
 10101 | Lair:2   | 10101 ||| FLEEEEING.
 10102 | Lair:2   | 10102 ||| FLEEEEING.
 10121 | Lair:2   | Received a gift from Okawaru
 10197 | Lair:2   | 10197 ||| DROPPING +0 heavy war axe.
 10262 | Lair:2   | You fall into a shaft and drop 1 floor!
 10263 | Lair:3   | 10263 ||| INVOKING Heroism.
 10376 | Lair:2   | Noticed a catoblepas
 10377 | Lair:2   | 10377 ||| INVOKING Heroism.
 10378 | Lair:2   | 10378 ||| INVOKING Finesse.
 10385 | Lair:2   | Killed a catoblepas
 10521 | Lair:2   | Found a hole to the Spider Nest.
 10527 | Lair:2   | 10527 ||| READING scroll of enchant weapon.
 10527 | Lair:2   | 10527 ||| ENCHANTING +3 spectral war axe.
 10780 | Lair:2   | 10780 ||| UPGRADING to +2 helmet.
 10790 | Lair:2   | 10790 ||| DROPPING +2 hat.
 10791 | Lair:2   | 10791 ||| READING 5 scrolls of identify.
 10791 | Lair:2   | 10791 ||| IDENTIFYING amethyst potion
 10792 | Lair:2   | 10792 ||| DROPPING potion of ambrosia.
 10799 | Lair:3   | Noticed a skyshark
 10809 | Lair:3   | Killed a skyshark
 10859 | Lair:3   | Noticed Gastronok
 10860 | Lair:3   | 10860 ||| INVOKING Heroism.
 10873 | Lair:3   | Killed Gastronok
 10874 | Lair:3   | Reached skill level 9 in Armour
 10956 | Lair:3   | Reached skill level 12 in Axes
 10957 | Lair:3   | 10957 ||| INVOKING Heroism.
 10963 | Lair:3   | Reached XP level 13. HP: 24/80 MP: 17/20
 11220 | Lair:3   | Noticed Sonja
 11221 | Lair:3   | 11221 ||| INVOKING Finesse.
 11225 | Abyss:2  | Cast into level 2 of the Abyss (Sonja)
 11258 | Abyss:2  | Noticed a green death
 11259 | Abyss:2  | 11259 ||| Stepping ~*~*~tactically~*~*~ (stealth).
 11269 | Abyss:2  | Killed a green death
 11269 | Abyss:2  | Received a gift from Okawaru
 11348 | Abyss:2  | 11348 ||| Stepping ~*~*~tactically~*~*~ (hiding).
 11353 | Abyss:2  | 11353 ||| INVOKING Heroism.
 11415 | Abyss:2  | 11415 ||| Stepping ~*~*~tactically~*~*~ (stealth).
 11416 | Abyss:2  | 11416 ||| INVOKING Heroism.
 11494 | Abyss:2  | 11494 ||| Stepping ~*~*~tactically~*~*~ (stealth).
 11506 | Abyss:2  | 11506 ||| Stepping ~*~*~tactically~*~*~ (stealth).
 11507 | Abyss:2  | 11507 ||| Stepping ~*~*~tactically~*~*~ (stealth).
 11537 | Abyss:2  | Identified the +4 ring mail "Qanoxt" {rC+} (Okawaru gifted
                  | it to you on level 2 of the Abyss)
 11537 | Abyss:2  | Received a gift from Okawaru
 11567 | Abyss:2  | 11567 ||| INVOKING Heroism.
 11663 | Abyss:2  | 11663 ||| Stepping ~*~*~tactically~*~*~ (stealth).
 11666 | Abyss:2  | 11666 ||| Stepping ~*~*~tactically~*~*~ (stealth).
 11668 | Abyss:2  | 11668 ||| Stepping ~*~*~tactically~*~*~ (stealth).
 11672 | Abyss:2  | 11672 ||| INVOKING Heroism.
 11720 | Abyss:2  | 11720 ||| Stepping ~*~*~tactically~*~*~ (stealth).
 11720 | Abyss:2  | Noticed a tentacled starspawn
 11721 | Abyss:2  | 11721 ||| Stepping ~*~*~tactically~*~*~ (hiding).
 11723 | Abyss:2  | Noticed a green very ugly thing
 11726 | Abyss:2  | 11726 ||| INVOKING Heroism.
 11729 | Abyss:2  | Killed a tentacled starspawn
 11729 | Abyss:2  | HP: 19/82 [ancient zyme (5)]
 11730 | Abyss:2  | 11730 ||| DRINKING potion of heal wounds.
 11735 | Abyss:2  | Killed a green very ugly thing
 11737 | Abyss:2  | HP: 13/82 [large abomination (6)]
 11743 | Abyss:2  | Demolished by a juggernaut skeleton

Levels and vault maps discovered:
D:1:      dpeg_arrival_simpleton_a, layout_basic, minmay_misc_feat_x,
          solitary_fountain
D:2:      kennysheep_six_static_rooms, layout_rooms,
          hellmonk_ecumenical_altar_heavens_door
D:3:      layout_basic, kennysheep_generic_room_9, uniq_terence
D:4:      layout_layer_cave, mainiacjoe_overflow_boulevard,
          minmay_temple_entry_gardened_gates,
          nicolae_concentric_dashed_squares_mild, uniq_grinder
D:5:      layout_basic, gammafunk_temple_overflow_claw,
          minmay_fractal_squares_gapless_5, uniq_prince_ribbit1
D:6:      black_bear_nest_2, layout_rooms, st_stairs_2
D:7:      layout_gridville, serial_shops, nicolae_shop_peninsula,
          kennysheep_nub, uniq_pikel
D:8:      layout_loops_ring, serial_shops, shop
D:9:      layout_layer_cave, due_lair_maze_entry_diamond, enter_bailey_8,
          nzn_ghost_randoct
Temple:   regret_index_temple_mists
Lair:1:   layout_chaotic_city, wad_woods_road_01, grunt_megastairs_2,
          lemuel_fruit_tree
Lair:2:   layout_regular_city, minmay_swamp_entry_swarm, spider_nest_entry_a,
          basic_altar, lemuel_old_faithful, lemuel_fruit_fields,
          infiniplex_staircase_pool_2
Lair:3:   layout_chaotic_city, serial_bayou_shore_a, uniq_sonja, uniq_gastronok
Abyss:2:  base: D:10, minivault_25, hangedman_steaming_rock

Skill      XL: |  1  2  3  4  5  6  7  8  9 10 11 12 13 |
---------------+----------------------------------------+-----
Axes           | 2 3 4 5 7 8 9 10 11 12 | 12.5
Fighting       | 5 6 7 8 9 10 | 10.0
Dodging        | 1 2 |  2.9
Invocations    | 4 8 10 | 10.1
Armour         | 4 7 8 9 10 | 10.3
Shields        | 8 9 10 | 10.8
Throwing       | 1 |  1.2

Action                     |  1- 3 |  4- 6 |  7- 9 | 10-12 | 13-15 || total
---------------------------+-------+-------+-------+-------+-------++-------
  Melee: War axe           |   112 |   167 |   241 |   367 |    69 ||   956
         Flail             |       |       |       |     8 |       ||     8
  Throw: Boomerang         |       |       |    12 |    17 |       ||    29
 Invoke: Heroism           |       |       |     7 |    14 |     5 ||    26
         Finesse           |       |       |       |     1 |     1 ||     2
    Use: Scroll            |     4 |     4 |     9 |     8 |       ||    25
         Potion            |       |     1 |     3 |     1 |     1 ||     6
   Stab: Distracted        |       |       |     1 |     4 |     1 ||     6
 Armour: Scale mail        |    33 |       |       |       |       ||    33
         Chain mail        |    35 |    88 |   149 |    15 |       ||   287
         Plate armour      |       |       |       |   184 |    25 ||   209
  Dodge: Dodged            |    44 |    57 |    70 |    86 |    24 ||   281
  Block: Buckler           |    21 |    31 |    23 |       |       ||    75
         Kite shield       |       |       |    51 |   185 |    20 ||   256

Table legend:
 A = Non-vault XP
 B = Vault XP
 C = Vault XP percentage of total XP
 D = Non-vault monster count
 E = Vault monster count
 F = Vault count percentage of total count
                 A         B        C        D         E       F
            +---------+---------+-------+---------+---------+-------
      Total |   36966 |    6047 |  14.1 |     273 |      35 |  11.4
            +---------+---------+-------+---------+---------+-------
        D:1 |      65 |       0 |   0.0 |      21 |       0 |   0.0
        D:2 |      86 |      21 |  19.6 |      27 |       6 |  18.2
        D:3 |      34 |      38 |  52.8 |      15 |       2 |  11.8
        D:4 |     223 |     272 |  54.9 |      14 |       1 |   6.7
        D:5 |     582 |     326 |  35.9 |      11 |       4 |  26.7
        D:6 |     855 |     186 |  17.9 |      11 |       3 |  21.4
        D:7 |     929 |     663 |  41.6 |      18 |       1 |   5.3
        D:8 |    1732 |       0 |   0.0 |      36 |       0 |   0.0
        D:9 |    2730 |    1651 |  37.7 |      24 |      10 |  29.4
     Lair:1 |    4405 |     447 |   9.2 |      23 |       2 |   8.0
     Lair:2 |    9152 |     936 |   9.3 |      33 |       5 |  13.2
     Lair:3 |    5762 |    1507 |  20.7 |      16 |       1 |   5.9
    Abyss:2 |   10411 |       0 |   0.0 |      24 |       0 |   0.0
            +---------+---------+-------+---------+---------+-------
